 Dungeon Crawl Stone Soup version 0.25.0-9-g26727b657a (webtiles) character file.

Game seed: 7197411263388174995

326 mopl the Ducker (level 6, -3/45 HPs)
             Began as a Gnoll Gladiator on June 16, 2020.
             Was a Follower of Hepliaklqana.
             Killed by nerve-wracking pain
             ... invoked by Grinder
              (5 damage)
             ... on level 3 of the Dungeon.
             The game lasted 00:04:23 (2169 turns).

mopl the Ducker (Gnoll Gladiator)                   Turns: 2169, Time: 00:04:24

Health: -3/45      AC:  9    Str: 18    XL:     6   Next: 49%
Magic:  27/27      EV: 10    Int: 10    God:    Hepliaklqana [*.....]
Gold:   131        SH:  0    Dex: 17    Spells: 9/9 levels left

rFire    . . .     SeeInvis .   a - +0 flail
rCold    . . .     Gourm    .   (no shield)
rNeg     . . .     Faith    .   B - +0 chain mail
rPois    .         Spirit   .   c - +0 helmet
rElec    .         Reflect  .   (no cloak)
rCorr    .         Harm     .   (no gloves)
MR       .....                  (no boots)
Stlth    ..........             (no amulet)
HPRegen  0.15/turn              b - ring of magical power
MPRegen  0.20/turn              y - ring of magical power

@: no status effects
A: distributed training, reduced essence, fangs 1, strong nose
a: Recall Ancestor, Ancestor Identity, Renounce Religion


You were on level 3 of the Dungeon.
You worshipped Hepliaklqana.
Hepliaklqana was aware of your devotion.
You were not hungry.

You visited 1 branch of the dungeon, and saw 3 of its levels.

You collected 131 gold pieces.

Inventory:

Hand Weapons
 a - a +0 flail (weapon)
 g - a +0 spear of freezing
 v - a +2 trident of freezing
Missiles
 d - 3 throwing nets (quivered)
 j - 146 stones
 q - 6 javelins
 r - 14 sling bullets
 u - 7 atropa-tipped darts
Armour
 c - a +0 helmet (worn)
 B - a +0 chain mail (worn)
Jewellery
 b - a ring of magical power (left hand)
 y - a ring of magical power (right hand)
Scrolls
 h - 4 scrolls of immolation
 i - 5 scrolls of enchant armour {unknown}
 m - 4 scrolls of teleportation
 p - a scroll of blinking {unknown}
 s - 2 scrolls of remove curse {unknown}
 z - a scroll of fog {unknown}
Potions
 k - a potion of mutation
 l - 2 potions of curing
 n - a potion of resistance
 o - a potion of magic
 x - 2 potions of brilliance
 A - a potion of stabbing {unknown}
Comestibles
 f - 7 rations
 w - 10 chunks of flesh


   Skills:
 + Level 5.0 Fighting
 + Level 2.0 Short Blades
 + Level 2.0 Long Blades
 + Level 2.0 Axes
 + Level 6.8 Maces & Flails
 + Level 2.0 Polearms
 + Level 2.0 Staves
 + Level 2.0 Slings
 + Level 2.0 Bows
 + Level 2.0 Crossbows
 + Level 5.0 Throwing
 + Level 2.0 Armour
 + Level 6.8 Dodging
 + Level 2.0 Stealth
 + Level 2.0 Shields
 + Level 2.0 Unarmed Combat
 + Level 2.0 Spellcasting
 + Level 1.5 Conjurations
 + Level 1.5 Hexes
 + Level 1.5 Charms
 + Level 1.5 Summonings
 + Level 1.5 Necromancy
 + Level 1.5 Translocations
 + Level 1.5 Transmutations
 + Level 1.5 Fire Magic
 + Level 1.5 Ice Magic
 + Level 1.5 Air Magic
 + Level 1.5 Earth Magic
 + Level 1.5 Poison Magic
 + Level 2.1 Invocations
 + Level 2.0 Evocations


You had 9 spell levels left.
You didn't know any spells.
Your spell library was empty.

Dungeon Overview and Level Annotations

Branches:
Dungeon (3/15)

Altars:
Ashenzari
Hepliaklqana
Yredelemnul
The Shining One

Annotations:
D:3 Grinder


Innate Abilities, Weirdness & Mutations

Your experience applies equally to all skills.
You have very sharp teeth.
Your uncanny sense of smell can sniff out nearby items.
Your life essence is reduced to manifest your ancestor. (-10% HP)


Message History

You hit Grinder but do no damage.
Grinder is almost dead.
Grinder hits you but does no damage.
Nolwazi barely misses Grinder.
Unknown command.
You hit Grinder.
Grinder is almost dead.
Grinder misses you.
Nolwazi completely misses Grinder.
Unknown command.
You closely miss Grinder. Your bite misses Grinder.
Grinder is almost dead.
Grinder gestures at you. Pain shoots through your body!
* * * LOW HITPOINT WARNING * * *
Nolwazi hits Grinder.
Unknown command.
You closely miss Grinder. You bite Grinder.
Grinder is almost dead.
Grinder gestures at you. Pain shoots through your body!
You die...

#.# ########.####
#......#....
#.####.#..# #.#....#..#
## #.#.#..R..# .#
#.#.#R##5##
.########.#?...#@####.#
.'........#...........#
.#############.#.######
.R...# ...#... ∆ ####.#
######### ...#.# ...'<#
...#.# ####.# ∆


You could see the friendly Nolwazi the ancestor and Grinder.

Vanquished Creatures
  An orc wizard (D:3)
  2 orc priests (D:3)
  Jessica (D:3)
  10 adders
  An ooze (D:3)
  An adder skeleton (D:2)
  A worm (D:2)
  3 dart slugs
  4 leopard geckos
  8 orcs (D:3)
  8 ball pythons
  9 bats
  2 giant cockroaches (D:1)
  12 goblins
  5 hobgoblins
  6 jackals (D:2)
  8 kobolds
  2 quokkas (D:2)
  4 frilled lizards
  7 rats
95 creatures vanquished.

Vanquished Creatures (collateral kills)
  An orc (D:3)
  A ball python (D:2)
  A goblin (D:3)
3 creatures vanquished.

Grand Total: 98 creatures vanquished

Notes
Turn   | Place    | Note
-------+----------+-------------------------------------------
     0 | D:1      | mopl the Gnoll Gladiator began the quest for the Orb.
     0 | D:1      | Reached XP level 1. HP: 20/20 MP: 1/1
   281 | D:1      | Reached XP level 2. HP: 26/26 MP: 2/2
   474 | D:1      | Reached XP level 3. HP: 31/31 MP: 3/3
   666 | D:2      | Reached skill level 1 in Invocations
   681 | D:2      | Reached skill level 1 in Short Blades
   681 | D:2      | Reached skill level 1 in Long Blades
   681 | D:2      | Reached skill level 1 in Axes
   681 | D:2      | Reached skill level 1 in Polearms
   681 | D:2      | Reached skill level 1 in Staves
   681 | D:2      | Reached skill level 1 in Slings
   681 | D:2      | Reached skill level 1 in Bows
   681 | D:2      | Reached skill level 1 in Crossbows
   681 | D:2      | Reached skill level 1 in Armour
   681 | D:2      | Reached skill level 1 in Stealth
   681 | D:2      | Reached skill level 1 in Shields
   681 | D:2      | Reached skill level 1 in Unarmed Combat
   681 | D:2      | Reached skill level 1 in Spellcasting
   681 | D:2      | Reached skill level 1 in Evocations
   727 | D:2      | Reached XP level 4. HP: 31/38 MP: 5/5
  1026 | D:2      | Found a basalt altar of Yredelemnul.
  1028 | D:2      | Noticed a profane servitor
  1036 | D:2      | Found a glowing golden altar of the Shining One.
  1038 | D:2      | Noticed an angel
  1070 | D:2      | Found a faded altar of an unknown god.
  1078 | D:2      | Became a worshipper of Hepliaklqana the Forgotten
  1078 | D:2      | Reached * piety under Hepliaklqana
  1081 | D:2      | Reached skill level 1 in Conjurations
  1081 | D:2      | Reached skill level 1 in Hexes
  1081 | D:2      | Reached skill level 1 in Charms
  1081 | D:2      | Reached skill level 1 in Summonings
  1081 | D:2      | Reached skill level 1 in Necromancy
  1081 | D:2      | Reached skill level 1 in Translocations
  1081 | D:2      | Reached skill level 1 in Transmutations
  1081 | D:2      | Reached skill level 1 in Fire Magic
  1081 | D:2      | Reached skill level 1 in Ice Magic
  1081 | D:2      | Reached skill level 1 in Air Magic
  1081 | D:2      | Reached skill level 1 in Earth Magic
  1081 | D:2      | Reached skill level 1 in Poison Magic
  1148 | D:2      | Reached XP level 5. HP: 22/38 MP: 6/6
  1635 | D:3      | Reached XP level 6. HP: 45/45 MP: 8/8
  1816 | D:3      | Noticed Jessica
  1829 | D:3      | Killed Jessica
  1987 | D:3      | Found a shattered altar of Ashenzari.
  2064 | D:3      | Reached skill level 5 in Fighting
  2064 | D:3      | Reached skill level 5 in Throwing
  2137 | D:3      | Noticed Grinder
  2152 | D:3      | Paralysed by Grinder for 3 turns
  2168 | D:3      | HP: 2/45 [Grinder/nerve-wracking pain (12)]
  2169 | D:3      | Killed from afar by Grinder

Illustrated notes

Levels and vault maps discovered:
D:1:      tarquinn_simple_flora_water_c, layout_basic, minmay_quantized
D:2:      layout_loops_ring, grunt_temple_overflow_holy_war,
          chequers_ecumenical_altar_simple, minmay_snake_closets
D:3:      layout_basic, cheibrodos_ashenzari_chains, first_ration, minivault_11,
          kennysheep_small_spiral, uniq_jessica, uniq_grinder

Skill      XL: |  1  2  3  4  5  6 |
---------------+-------------------+-----
Invocations    | 1 2 |  2.1
Short Blades   | 1 2 |  2.0
Long Blades    | 1 2 |  2.0
Axes           | 1 2 |  2.0
Polearms       | 1 2 |  2.0
Staves         | 1 2 |  2.0
Slings         | 1 2 |  2.0
Bows           | 1 2 |  2.0
Crossbows      | 1 2 |  2.0
Armour         | 1 2 |  2.0
Stealth        | 1 2 |  2.0
Shields        | 1 2 |  2.0
Unarmed Combat | 1 2 |  2.0
Spellcasting   | 1 2 |  2.0
Evocations     | 1 2 |  2.0
Conjurations   | 1 |  1.5
Hexes          | 1 |  1.5
Charms         | 1 |  1.5
Summonings     | 1 |  1.5
Necromancy     | 1 |  1.5
Translocations | 1 |  1.5
Transmutations | 1 |  1.5
Fire Magic     | 1 |  1.5
Ice Magic      | 1 |  1.5
Air Magic      | 1 |  1.5
Earth Magic    | 1 |  1.5
Poison Magic   | 1 |  1.5
Fighting       | 5 |  5.0
Throwing       | 5 |  5.0
Maces & Flails | |  6.8
Dodging        | |  6.8

Action                   |  1- 3 |  4- 6 || total
-------------------------+-------+-------++-------
Melee: Flail             |    79 |   174 ||   253
       Bite              |     8 |    15 ||    23
       Punch             |       |     1 ||     1
  Use: Scroll            |     3 |     5 ||     8
       Potion            |       |     1 ||     1
 Stab: Sleeping          |     2 |     7 ||     9
       Distracted        |       |     1 ||     1
  Eat: Chunk             |       |     4 ||     4
Armor: Ring mail         |    17 |    40 ||    57
       Chain mail        |       |     5 ||     5
Dodge: Dodged            |    60 |   129 ||   189
